 Dungeon Crawl Stone Soup version 0.23.2-1-ga50397a (webtiles) character file.

Game seed: 3336339269505621659

10243 cab the Geomancer (level 11, -10/71 HPs)
             Began as a Gargoyle Earth Elementalist on June 1, 2019.
             Was a Believer of Vehumet.
             Mangled by a komodo dragon (24 damage)
             ... on level 2 of the Lair of Beasts.
             The game lasted 01:00:43 (17233 turns).

cab the Geomancer (Gargoyle Earth Elementalist)    Turns: 17233, Time: 01:00:44

Health: -10/71     AC: 14    Str: 11    XL:     11   Next: 59%
Magic:  32/36      EV: 12    Int: 20    God:    Vehumet [**....]
Gold:   590        SH:  5    Dex: 10    Spells: 15/24 levels left

rFire    + . .     SeeInvis .   E - staff of power
rCold    . . .     Gourm    .   (no shield)
rNeg     + . .     Faith    .   T - +2 robe {Archmagi}
rPois    ∞         Spirit   .   (no helmet)
rElec    +         Reflect  +   M - +0 cloak
rCorr    .         Harm     .   L - +0 pair of gloves
MR       .....                  (no boots)
Stlth    ++........             H - +5 amulet of reflection
HPRegen  0.21/turn              g - +4 ring of slaying
MPRegen  0.25/turn              J - ring of protection from fire

@: no status effects
A: negative energy resistance 1, electricity resistance, unbreathing,
petrification resistance, rot immunity, AC +8
a: Renounce Religion


You were on level 2 of the Lair of Beasts.
You worshipped Vehumet.
Vehumet was pleased with you.
You were hungry.

You visited 3 branches of the dungeon, and saw 12 of its levels.

You collected 590 gold pieces.

Inventory:

Hand Weapons
 i - a +1 spear of venom
 s - a +0 mace
 y - a +0 hunting sling
 N - a +4 flail
 S - a +4 morningstar
 V - a +2 scimitar of flaming
Missiles
 b - 58 stones (quivered)
 x - 111 sling bullets
Armour
 n - a +0 shield
 G - a +3 leather armour of poison resistance
 L - a +0 pair of gloves (worn)
 M - a +0 cloak (worn)
 T - a +2 robe of the Archmagi (worn)
Magical Staves
 E - an uncursed staff of power (weapon)
Jewellery
 g - a +4 ring of slaying (left hand)
 t - an uncursed ring of poison resistance {unknown}
 H - a +5 amulet of reflection (around neck)
 J - a ring of protection from fire (right hand)
 Y - a cursed amulet of inaccuracy {unknown}
Wands
 c - a wand of iceblast (11)
 r - a wand of enslavement (8)
 w - a wand of acid (17)
 z - a wand of paralysis (11)
 O - a wand of disintegration (11)
 Q - a wand of polymorph (1)
Scrolls
 a - 5 scrolls of fog
 f - 2 scrolls of enchant weapon {unknown}
 j - 4 scrolls of magic mapping
 l - 4 scrolls of teleportation
 q - a scroll of summoning {unknown}
 u - 9 scrolls of identify
 C - 2 scrolls of fear
 D - 7 scrolls of remove curse
 F - 2 scrolls of enchant armour
 K - 2 scrolls of blinking {unknown}
 P - a scroll of vulnerability {unknown}
 R - a scroll of immolation {unknown}
 W - 2 scrolls of amnesia
Potions
 e - a potion of berserk rage {unknown}
 h - 4 potions of curing
 k - 3 potions of flight {unknown}
 m - a potion of lignification {unknown}
 o - 2 potions of mutation {unknown}
 p - 3 potions of degeneration {unknown}
 v - a potion of brilliance {unknown}
 A - 4 potions of heal wounds {unknown}
 B - a potion of resistance {unknown}
 I - 2 potions of agility {unknown}
 U - a potion of ambrosia {unknown}
 Z - a potion of haste {unknown}
Comestibles
 d - 17 rations


   Skills:
 + Level 9.5 Fighting
 - Level 3.3 Armour
 - Level 1.5 Dodging
 - Level 2.1 Stealth
 - Level 7.1 Spellcasting
 + Level 8.0 Conjurations
   Level 0.7 Transmutations
 + Level 13.4 Earth Magic


You had 15 spell levels left.
You knew the following spells:

 Your Spells              Type           Power        Failure   Level  Hunger
a - Sandblast             Erth           ######       1%          1    None
b - Stone Arrow           Conj/Erth      ######       1%          3    #......
c - Lee's Rapid Deconstr  Erth           ######....   1%          5    #####..

Your spell library contained the following spells:

 Spells                   Type           Power        Failure   Level  Hunger
 Searing Ray              Conj           ######       1%          2    None
 Passwall                 Tmut/Erth      ######..     1%          2    None
 Petrify                  Tmut/Erth      ######..     4%          4    ###....
 Blink                    Tloc           N/A          14%         2    None
 Gell's Gravitas          Tloc           ##........   28%         3    #......
 Recall                   Summ/Tloc      N/A          28%         3    #......
 Dispersal                Tloc           ##........   100%        6    ######.


Dungeon Overview and Level Annotations

Branches:
Dungeon (9/15)             Temple (1/1) D:7            Lair (2/6) D:9
  Swamp: Lair:2-4    Shoals: Lair:2-4     Snake: Lair:2-4    Spider: Lair:2-4
    Orc: D:9-12

Altars:
Ashenzari
Dithmenos
Fedhas
Gozag
Hepliaklqana
Kikubaaqudgha
Makhleb
Ru
Trog
Uskayaw
Vehumet
Wu Jian
Yredelemnul
Zin
The Shining One

Shops:
D:5 (


Innate Abilities, Weirdness & Mutations

You are resistant to torment.
Your stone body is resilient. (AC +8)
You are immune to poison.
You resist negative energy. (rN+)
You are resistant to electric shocks. (rElec)
You can survive without breathing.
You are immune to petrification.
You are immune to rotting.


Message History

The spiny frog is heavily wounded.
The blast of rock fragments hits the komodo dragon!!
The komodo dragon is severely wounded.
The blast of rock fragments hits the elephant!!!
The elephant is heavily wounded.
The blast of rock fragments hits the elephant!!
The elephant is heavily wounded.
You are feeling hungry.
The water moccasin hisses angrily.
You hear an angry hiss.
You hear a trumpeting!
The komodo dragon completely misses you.
The blink frog blinks!
You block the spiny frog's attack.
A water moccasin comes into view.
The blink frog hits you but does no damage.
The blink frog blinks!
There is a stone staircase leading down here.
The water moccasin bites you.
* * * LOW HITPOINT WARNING * * *
You block the spiny frog's attack. The komodo dragon bites you!!
You die...

....#.................
#....................).
P#....P#F...............
............$...........
..........#..#..........
........................
........F...#..##.......
.......SlYY.....########
......S@F##.§..##
........#####.##
......... ### ........##
#P....### #.P... #.....
.#...#


You could see 2 elephants, a komodo dragon, a spiny frog, 2 blink frogs and 2
water moccasins.

Vanquished Creatures
  Erica (Lair:1)
  A two-headed ogre (D:9)
  3 spiny frogs (Lair:1)
  A komodo dragon (Lair:1)
  A queen bee (D:8)
  4 blink frogs (Lair:1)
  A hippogriff (D:9)
  A wyvern (D:9)
  A vampire (D:5)
  Grum (D:9)
  3 water moccasins (Lair:1)
  An ice beast (D:8)
  3 sky beasts
  4 orc warriors
  A necrophage (D:8)
  A phantom (D:4)
  2 wolves (D:9)
  5 ogres
  5 centaurs
  3 crocodiles (Lair:1)
  5 bullfrogs
  5 scorpions
  11 wights
  22 killer bees
  5 howler monkeys
  3 crimson imps
  4 jellies
  5 hounds
  A quasit (D:7)
  A bullfrog zombie (D:6)
  A centaur skeleton (D:5)
  A gnoll shaman (D:4)
  6 orc priests
  5 iguanas
  12 orc wizards
  5 worker ants
  A hound skeleton (D:6)
  A worker ant zombie (D:7)
  13 adders
  5 gnolls (D:4)
  3 shadow imps
  2 oozes
  2 adder skeletons
  3 worms
  A dart slug (D:1)
  4 leopard geckos
  41 orcs
  9 giant cockroaches
  9 goblins
  7 hobgoblins
  13 jackals
  11 kobolds
  5 quokkas
  5 ball pythons
  4 bats
  5 frilled lizards
  A leopard gecko skeleton (D:4)
  A leopard gecko zombie (D:5)
  A quokka zombie (D:8)
  4 rats
286 creatures vanquished.

Vanquished Creatures (others)
  A centaur (D:7)
1 creature vanquished.

Grand Total: 287 creatures vanquished

Notes
Turn   | Place    | Note
-------+----------+-------------------------------------------
     0 | D:1      | cab the Gargoyle Earth Elementalist began the quest for the
                  | Orb.
     0 | D:1      | Reached XP level 1. HP: 10/10 MP: 3/3
   198 | D:1      | Reached skill level 4 in Earth Magic
   575 | D:1      | Reached XP level 2. HP: 9/15 MP: 5/5
  1379 | D:1      | Reached skill level 5 in Earth Magic
  1379 | D:1      | Reached XP level 3. HP: 19/19 MP: 6/6
  1623 | D:1      | Found a glowing golden altar of the Shining One.
  2197 | D:2      | Learned a level 3 spell: Stone Arrow
  2499 | D:2      | Reached XP level 4. HP: 13/24 MP: 5/7
  2500 | D:2      | Reached skill level 1 in Conjurations
  3821 | D:3      | Reached skill level 6 in Earth Magic
  3856 | D:3      | Noticed a bullfrog
  4149 | D:3      | Reached XP level 5. HP: 28/28 MP: 4/8
  4926 | D:3      | Reached XP level 6. HP: 32/32 MP: 4/9
  5590 | D:4      | Reached skill level 7 in Earth Magic
  5961 | D:4      | Reached XP level 7. HP: 11/36 MP: 0/10
  6417 | D:4      | Reached skill level 5 in Conjurations
  6417 | D:4      | Reached skill level 8 in Earth Magic
  7155 | D:4      | Reached skill level 1 in Armour
  7417 | D:4      | Found a glowing silver altar of Zin.
  7454 | D:5      | Entered Level 5 of the Dungeon
  7455 | D:5      | Reached XP level 8. HP: 41/41 MP: 9/11
  7646 | D:5      | Found a hazy altar of Hepliaklqana.
  7836 | D:5      | Learned a level 5 spell: Lee's Rapid Deconstruction
  7928 | D:5      | Reached skill level 9 in Earth Magic
  8265 | D:5      | Reached skill level 1 in Fighting
  8291 | D:5      | Identified Ymnuih's Tome of the Voyage
  8428 | D:5      | Noticed a vampire
  8443 | D:5      | Killed a vampire
  8720 | D:5      | Found Xoanoj's Weapon Shop.
  8959 | D:5      | Found a burning altar of Makhleb.
  8959 | D:5      | Noticed a blizzard demon
  8966 | D:5      | Noticed a hellwing
  8966 | D:5      | Noticed a ynoxinul
  9374 | D:6      | Reached skill level 10 in Earth Magic
  9374 | D:6      | Reached XP level 9. HP: 50/50 MP: 14/14
 10848 | D:7      | Reached skill level 5 in Fighting
 11098 | D:7      | Found a staircase to the Ecumenical Temple.
 11113 | Temple   | Entered the Ecumenical Temple
 11127 | Temple   | Became a worshipper of Vehumet
 11228 | D:7      | Reached skill level 5 in Spellcasting
 11508 | D:7      | Reached skill level 11 in Earth Magic
 11855 | D:7      | Reached XP level 10. HP: 60/60 MP: 17/18
 12634 | D:8      | Reached * piety under Vehumet
 12634 | D:8      | Offered knowledge of Sting by Vehumet.
 12679 | D:8      | Found a shattered altar of Ashenzari.
 13403 | D:8      | Reached skill level 12 in Earth Magic
 14263 | D:9      | Noticed Grum
 14279 | D:9      | Killed Grum
 14756 | D:9      | Noticed a two-headed ogre
 14807 | D:9      | Offered knowledge of Searing Ray by Vehumet.
 14809 | D:9      | Reached ** piety under Vehumet
 14917 | D:9      | Found a sacrificial altar of Ru.
 15101 | D:9      | Killed a two-headed ogre
 15101 | D:9      | Reached XP level 11. HP: 69/69 MP: 21/21
 15452 | D:9      | Found a staircase to the Lair.
 15725 | Lair:1   | Entered Level 1 of the Lair of Beasts
 15739 | Lair:1   | Noticed Erica
 15768 | Lair:1   | Killed Erica
 15768 | Lair:1   | Reached skill level 13 in Earth Magic
 16684 | Lair:1   | Found a radiant altar of Vehumet.
 17233 | Lair:2   | Mangled by a komodo dragon

Skill      XL: |  1  2  3  4  5  6  7  8  9 10 11 |
---------------+----------------------------------+-----
Earth Magic    | 4 5 6 7 8 10 11 12 13 | 13.4
Conjurations   | 2 3 4 5 6 8 |  8.0
Armour         | 1 3 |  3.3
Fighting       | 3 5 8 9 |  9.5
Spellcasting   | 3 5 7 |  7.1
Dodging        | |  1.5
Stealth        | |  2.1
Transmutations | |  0.7

Action                   |  1- 3 |  4- 6 |  7- 9 | 10-12 || total
-------------------------+-------+-------+-------+-------++-------
Melee: Unarmed           |    23 |       |       |       ||    23
       Club              |   127 |    27 |       |       ||   154
       Mace              |       |   147 |    64 |       ||   211
       Staff             |       |       |   125 |    87 ||   212
 Cast: Sandblast         |    19 |    35 |    56 |    80 ||   190
       Stone Arrow       |       |    11 |    81 |    73 ||   165
       Lee's Rapid Decon |       |       |     7 |    13 ||    20
  Use: Scroll            |       |       |     7 |     2 ||     9
 Stab: Sleeping          |       |     5 |     3 |     1 ||     9
  Eat: Chunk             |     5 |    11 |    23 |    14 ||    53
       Ration            |       |     1 |     1 |     2 ||     4
Armor: Robe              |    60 |    81 |    24 |     9 ||   174
       Leather armour    |       |       |    73 |    64 ||   137
Dodge: Dodged            |   114 |   167 |   153 |   114 ||   548
Block: Other             |       |       |    52 |    35 ||    87
       Reflection        |       |       |     3 |     3 ||     6
